[Event "Team 45 45 League T48"]
[Site "Internet Chess Club"]
[Date "2011.02.21"]
[Round "2"]
[White "pudge"]
[Black "Redteam33"]
[Result "1-0"]
[WhiteElo "1481"]
[BlackElo "1491"]
[Opening "Sicilian: dragon, 6.Be3"]
[ECO "B72"]
[Time "20:00:40"]
[TimeControl "2700+45"]

1. e4 c5 2. Nf3 d6 3. d4 cxd4 4. Nxd4 Nf6 5. Nc3 g6 6. Be3 Bg7 7. Bc4 O-O 8. h3
Nc6 9. Qd2 Re8 10. O-O Bd7 11. a3 a6 12. b4 b5 13. Bd3 Nxd4 14. Bxd4 Be6 15.
Rab1 Qc7 16. Ne2 Red8 17. Qe3 Qd7 18. f4 Rac8 19. Rbc1 Bc4 20. Qf3 Rc6 21. g4
Rdc8 22. g5 Nh5 23. Bxg7 Kxg7 24. Kh2 Bxd3 25. cxd3 Qc7 26. Rxc6 Qxc6 27. Rc1
Qd7 28. Rxc8 Qxc8 29. Kg2 Qc2 30. Kf2 Qb2 31. d4 Qc2 32. d5 Kf8 33. f5 Ke8 34.
f6 exf6 35. gxf6 Qb2 36. Qg4 Qxf6+ 37. Ke1 Qa1+ 38. Kf2 Qxa3 39. Qc8+ Ke7 40.
Qc7+ Kf6 41. Qxd6+ Kg5 42. Qe5+ f5 43. Qe7+ Kh6 44. Qf8+ Kg5 45. Qe7+ Kh6 46. h4
f4 47. Qf8+ Ng7 48. Qxf4+ Kh5 49. Qg5# {Black checkmated} 1-0

[Event "Team 45 45 League T48"]
[Site "Internet Chess Club"]
[Date "2011.02.19"]
[Round "2"]
[White "chicopee-ed"]
[Black "Bamilus"]
[Result "1-0"]
[WhiteElo "1390"]
[BlackElo "1253"]
[Opening "Colle system"]
[ECO "D05"]
[Time "15:27:32"]
[TimeControl "2700+45"]

1. d4 d5 2. Nf3 e6 3. e3 Nf6 4. Bd3 c5 5. c3 b6 6. O-O Bb7 7. Nbd2 Nbd7 8. Re1
Bd6 9. e4 dxe4 10. Nxe4 Nxe4 11. Bxe4 Bxe4 12. Rxe4 Nf6 13. Bg5 h6 14. Bxf6 Qxf6
15. Qa4+ Ke7 16. d5 Rhd8 17. dxe6 fxe6 18. Rae1 Kf8 19. Rxe6 Qf7 20. Qb3 Bc7 21.
c4 Rd7 22. h3 Rad8 23. Qc2 Bf4 24. g3 Bxg3 25. fxg3 Qxf3 26. Rf1 Qxf1+ 27. Kxf1
Rd1+ 28. Ke2 Kf7 29. Qg6+ Kf8 30. Qf5+ Kg8 31. Qc2 Rh1 32. Qf5 Rh2+ 33. Ke3 Rf8
34. Qd5 Rhf2 35. Re8+ Rf7 36. Rxf8+ Kxf8 37. Qd8# {Black checkmated} 1-0

[Event "Team 45 45 League T48"]
[Site "Internet Chess Club"]
[Date "2011.02.22"]
[Round "2"]
[White "medsurg"]
[Black "milesotoole"]
[Result "1-0"]
[WhiteElo "1387"]
[BlackElo "1463"]
[Opening "Bogo-Indian defense, Nimzovich variation"]
[ECO "E11"]
[Time "17:00:19"]
[TimeControl "2700+45"]

1. d4 Nf6 2. c4 e6 3. Nf3 Bb4+ 4. Bd2 Qe7 5. a3 Bxd2+ 6. Nbxd2 d6 7. g3 Nc6 8.
Bg2 O-O 9. O-O a6 10. Rc1 e5 11. dxe5 Nxe5 12. Nxe5 Qxe5 13. Rc3 Rb8 14. Nf3 Qe7
15. Qd2 Ne4 16. Qe3 Re8 17. Rb3 b6 18. Re1 Bd7 19. Nd4 Qe5 20. f4 Qe7 21. Nf3
Bc6 22. Rd3 Ba8 23. Nd2 Nc5 24. Qxe7 Rxe7 25. Bxa8 Rxa8 26. Rf3 Rae8 27. e4 Nxe4
28. Rfe3 Nxd2 29. Rxe7 Rxe7 30. Rxe7 Nxc4 31. b3 Nxa3 32. Re8# {Black
checkmated} 1-0

[Event "Team 45 45 League T48"]
[Site "Internet Chess Club"]
[Date "2011.02.19"]
[Round "2"]
[White "Toalla"]
[Black "BCbudd"]
[Result "1-0"]
[WhiteElo "1197"]
[BlackElo "1279"]
[Opening "QGD Slav: 3.Nf3"]
[ECO "D11"]
[Time "12:43:56"]
[TimeControl "2700+45"]

1. d4 c6 2. Nf3 d5 3. c4 h6 4. Nc3 Nf6 5. cxd5 Nxd5 6. Nxd5 cxd5 7. g3 e6 8. Bg2
Qa5+ 9. Bd2 Bb4 10. Bxb4 Qxb4+ 11. Qd2 Nc6 12. a3 Qxd2+ 13. Kxd2 O-O 14. b4 a5
15. b5 Na7 16. a4 b6 17. Rac1 Bd7 18. Rc7 Rfd8 19. Rhc1 Nc8 20. Ne5 Be8 21. Rb7
f6 22. Nc6 Bxc6 23. Rxc6 Nd6 24. Rbc7 Nc4+ 25. Kc3 e5 26. dxe5 fxe5 27. Bxd5+
Rxd5 28. Kxc4 Rad8 29. Rxb6 Rd4+ 30. Kb3 Rb4+ 31. Kc3 Rxa4 32. e3 Ra2 33. Rbb7
Ra3+ 34. Kc4 Ra4+ 35. Kc5 Rg4 36. b6 Rg6 37. Ra7 Rb8 38. b7 Rb6 39. Kxb6 {Black
resigns} 1-0

[Event "Team 45 45 League T48"]
[Site "Internet Chess Club"]
[Date "2011.02.18"]
[Round "2"]
[White "OOB1"]
[Black "Tjet"]
[Result "0-1"]
[WhiteElo "1480"]
[BlackElo "1539"]
[Opening "Philidor: Larsen variation"]
[ECO "C41"]
[Time "21:15:59"]
[TimeControl "2700+45"]

1. e4 d6 2. Nf3 e5 3. d4 exd4 4. Nxd4 g6 5. c3 Bg7 6. Be3 Nf6 7. Bd3 O-O 8. O-O
Re8 9. f3 b6 10. Nd2 Bb7 11. a3 d5 12. Bf2 dxe4 13. Nxe4 Nxe4 14. fxe4 Bxe4 15.
Bc4 Bd5 16. Qb3 Bxc4 17. Qxc4 Rf8 18. Rad1 Bxd4 19. Rxd4 Qc8 20. Bg3 c5 21. Rdf4
Qd7 22. Rf6 Nc6 23. Bd6 Na5 24. Qa2 c4 25. Bxf8 Rxf8 26. Qb1 Nb3 27. Qc2 Nc5 28.
R6f4 Qd3 29. Qf2 f5 30. Qh4 Qe3+ 31. Kh1 Ne4 32. R4f3 Qe2 33. Kg1 Nd2 34. R3f2
Qe3 35. Rd1 Ne4 36. Qf4 Qxf2+ 37. Qxf2 Nxf2 38. Kxf2 Rf7 39. Rd8+ Kg7 40. Rc8 b5
41. Rc5 Rb7 42. Ke3 Kf6 43. g3 a6 44. Rc6+ Ke5 45. Rxa6 g5 46. Rc6 f4+ 47. gxf4+
gxf4+ 48. Kf3 Kd5 49. Rf6 Ke5 50. Rxf4 Rd7 51. Re4+ Kf5 52. Rd4 Rb7 53. Ke3 Re7+
54. Kd2 Re5 55. a4 bxa4 56. Rxc4 Rd5+ 57. Ke3 Ra5 58. Kd3 a3 59. bxa3 Rxa3 60.
h4 Ra6 61. Kc2 h6 62. Kb3 Ke5 63. Kb4 Rb6+ 64. Ka5 Rb3 65. Ka4 Rb1 66. Rc6 Kd5
67. Rxh6 Kc4 68. Rc6+ Kd5 69. Rc8 Ra1+ 70. Kb3 Rb1+ 71. Kc2 Rh1 72. Rh8 Kc4 73.
h5 Rh2+ 74. Kc1 Kxc3 75. h6 Rh1# {White checkmated} 0-1

[Event "Team 45 45 League T48"]
[Site "Internet Chess Club"]
[Date "2011.02.20"]
[Round "2"]
[White "alaskauk"]
[Black "MateIn42"]
[Result "1/2-1/2"]
[WhiteElo "1436"]
[BlackElo "1447"]
[Opening "two knights defense"]
[ECO "C58"]
[Time "14:07:45"]
[TimeControl "2700+45"]

1. e4 e5 2. Nf3 Nc6 3. Bc4 Nf6 4. Ng5 d5 5. exd5 Na5 6. Qe2 Nxc4 7. Qxc4 Nxd5 8.
Nf3 Be6 9. Qb5+ c6 10. Qe2 f6 11. a3 Nf4 12. Qf1 Bc5 13. d3 O-O 14. Bxf4 exf4
15. Nbd2 Re8 16. O-O-O Qb6 17. Nc4 Bxc4 18. dxc4 Bxf2 19. Kb1 Rad8 20. Rxd8 Rxd8
21. Qe2 Bc5 22. Ka2 Qc7 23. Re1 Be3 24. Nh4 Qd7 25. Nf3 Re8 26. Rd1 Qe7 27. Qd3
Bb6 28. Re1 Be3 29. Rd1 a6 30. Re1 Rd8 31. Qf5 Qf7 32. b3 Qg6 33. Qxg6 hxg6 34.
Kb2 g5 35. g4 Rd7 36. Kc3 Kf7 37. Kb2 Re7 38. Kb1 Bc5 39. Rxe7+ Kxe7 40. Kb2 Bd6
41. a4 Be5+ 42. c3 Kd6 43. b4 b5 44. axb5 axb5 45. Kb3 Kd7 46. cxb5 cxb5 47. Kc2
Kc6 48. Kd2 Kd5 49. Kd3 Bc7 50. Nd4 Bb6 51. Nf3 Be3 52. h3 Bb6 53. Ne1 Bf2 54.
Nf3 Bb6 55. Ne1 Ba7 56. Nf3 Bf2 57. Nd2 Be3 58. Nf3 Bb6 59. Ne1 Bg1 60. Nf3 Bf2
61. Nd2 Be1 62. Nf3 Bf2 {Game drawn by repetition} 1/2-1/2

[Event "Team 45 45 League T48"]
[Site "Internet Chess Club"]
[Date "2011.02.20"]
[Round "2"]
[White "katabatico"]
[Black "dpmdpm"]
[Result "1/2-1/2"]
[WhiteElo "1435"]
[BlackElo "1462"]
[Opening "Sicilian: Najdorf, Opocensky variation"]
[ECO "B92"]
[Time "15:01:25"]
[TimeControl "2700+45"]

1. e4 c5 2. Nf3 d6 3. d4 cxd4 4. Nxd4 Nf6 5. Nc3 a6 6. Be2 e5 7. Nb3 Be7 8. O-O
O-O 9. a3 b5 10. f4 Nbd7 11. f5 Bb7 12. Bf3 Qc7 13. Qe1 Nc5 14. Nxc5 dxc5 15.
Bg5 Rad8 16. Qg3 Kh8 17. Rad1 Ng8 18. Nd5 Bxd5 19. exd5 Bxg5 20. Qxg5 f6 21. Qh4
Ne7 22. Be4 c4 23. Rf3 Qc5+ 24. Kh1 Nxd5 25. Qf2 Qxf2 26. Rxf2 Nb6 27. Rfd2 Rxd2
28. Rxd2 h6 29. g4 Rc8 30. h4 Kg8 31. c3 a5 32. Kg2 Kf8 33. Kh3 Ke7 34. Bb7 Rd8
35. Rxd8 Kxd8 36. Bc6 Ke7 37. Bxb5 Kd6 38. a4 e4 39. Kg2 Ke5 40. Kf2 Kf4 41. Be8
e3+ 42. Ke2 Kxg4 43. Kxe3 Kxf5 44. h5 Ke5 45. Kf3 f5 46. Ke3 Nd5+ 47. Kf3 Kf6
48. Bb5 Nb6 49. Be8 Kg5 50. Kg3 Kf6 51. Kf4 Nd5+ 52. Kf3 Ke5 53. Bb5 Nb6 54. Be8
{Game drawn by mutual agreement} 1/2-1/2

[Event "Team 45 45 League T48"]
[Site "Internet Chess Club"]
[Date "2011.02.23"]
[Round "2"]
[White "otib2006"]
[Black "reverendjim"]
[Result "0-1"]
[WhiteElo "1280"]
[BlackElo "1330"]
[Opening "Caro-Kann: Hillbilly attack"]
[ECO "B10"]
[Time "19:02:24"]
[TimeControl "2700+45"]

1. e4 c6 2. Bc4 d5 3. exd5 cxd5 4. Bb3 Nf6 5. Nf3 Bg4 6. O-O e6 7. d4 Be7 8.
Ba4+ Nbd7 9. Bxd7+ Nxd7 10. Nc3 O-O 11. Qd3 Bxf3 12. Qxf3 Qb6 13. Be3 Rac8 14.
Na4 Qc6 15. Nc3 b5 16. Qh3 b4 17. Ne2 Qxc2 18. Ng3 a5 19. Qg4 Nf6 20. Qf4 a4 21.
Rfc1 Qxb2 22. Rab1 Rxc1+ 23. Rxc1 b3 24. axb3 Qxb3 25. Qc7 Bb4 26. Bg5 Ne4 27.
Nxe4 dxe4 28. Qc2 Qxc2 29. Rxc2 a3 30. Bd2 Bxd2 31. Rxd2 Ra8 32. Ra2 Kf8 33. Kf1
Ke7 34. Ke2 Kd6 35. Ke3 f5 36. f3 exf3 37. gxf3 e5 38. dxe5+ Kxe5 39. f4+ Kd5
40. Kd3 Ra4 41. Ke3 Re4+ 42. Kf3 Ra4 43. h4 g6 44. Ke3 Kc5 45. Kd3 Kb4 46. Kc2
Ra6 47. Kd3 Rc6 48. Kd4 Rc4+ 49. Ke5 Kb3 50. Rh2 a2 51. Rh1 Kb2 52. Kd5 Rc1 53.
Rh2+ Rc2 54. Rh1 Rc1 55. Rh2+ Kb1 56. Rxa2 Kxa2 57. Ke6 Rc4 58. Ke5 Kb2 59. h5
Rc6 60. Kd5 Ra6 61. hxg6 hxg6 62. Kc5 Kc3 63. Kb5 Re6 64. Kc5 Kd3 65. Kd5 Re4
66. Kd6 Ke3 67. Kd5 Kxf4 68. Kd6 g5 {White resigns} 0-1

[Event "Team 45 45 League T48"]
[Site "Internet Chess Club"]
[Date "2011.02.20"]
[Round "2"]
[White "Innes"]
[Black "rahulr"]
[Result "0-1"]
[WhiteElo "1778"]
[BlackElo "1579"]
[Opening "Alekhine's defense: modern variation"]
[ECO "B04"]
[Time "17:00:15"]
[TimeControl "2700+45"]

1. e4 Nf6 2. e5 Nd5 3. d4 d6 4. Nf3 Nc6 5. Be2 Bf5 6. a3 e6 7. O-O dxe5 8. dxe5
Bc5 9. b4 Be7 10. Bd3 Bg4 11. h3 Bxf3 12. Qxf3 Nxe5 13. Qe4 Nxd3 14. Qxd3 Bf6
15. Ra2 Qd6 16. Rd1 Rd8 17. Qf3 Qc6 18. Bb2 O-O 19. Bxf6 Nxf6 20. Qe2 Rd6 21.
Rxd6 Qxd6 22. c4 Rd8 23. Rd2 Qe7 24. Nc3 a6 25. Rd3 Rxd3 26. Qxd3 Qd6 27. Qf3 c6
28. Na4 Nd7 29. c5 Qd5 30. Qe2 Kf8 31. Nc3 Qb3 32. Qd2 Ke7 33. Ne4 Qb1+ 34. Kh2
Qxe4 35. Qg5+ Nf6 36. Qxg7 Qg6 {White resigns} 0-1

[Event "Team 45 45 League T48"]
[Site "Internet Chess Club"]
[Date "2011.02.19"]
[Round "2"]
[White "werty"]
[Black "MCJR"]
[Result "1/2-1/2"]
[WhiteElo "1568"]
[BlackElo "1478"]
[Opening "Queen's pawn game"]
[ECO "D02"]
[Time "14:36:29"]
[TimeControl "2700+45"]

1. d4 d5 2. Nf3 c6 3. e3 Bf5 4. c4 e6 5. Nc3 Nf6 6. Nh4 Bg4 7. Nf3 Nbd7 8. cxd5
exd5 9. Be2 h6 10. O-O Bf5 11. Re1 Bd6 12. Bd3 Ne4 13. Bxe4 dxe4 14. Nd2 Nf6 15.
f3 exf3 16. Qxf3 Bg4 17. Qf2 O-O 18. Nde4 Nxe4 19. Nxe4 Bc7 20. Bd2 Re8 21. Ng3
Qd7 22. e4 Bb6 23. Be3 Rad8 24. d5 Bxe3 25. Rxe3 cxd5 26. exd5 Qxd5 27. Rxe8+
Rxe8 28. h3 Bd7 29. Qxa7 Bc6 30. Qf2 Re6 31. Rf1 Rf6 32. Qc2 Qd4+ 33. Rf2 Rxf2
34. Qxf2 Qd1+ 35. Qf1 Qd5 36. a3 Qc5+ 37. Qf2 Qc1+ 38. Kh2 Qc4 39. Qd2 Qb3 40.
Qf2 Qe6 41. Qd2 {Game drawn by mutual agreement} 1/2-1/2

[Event "Team 45 45 League T48"]
[Site "Internet Chess Club"]
[Date "2011.02.19"]
[Round "2"]
[White "subterfuge"]
[Black "civilization"]
[Result "0-1"]
[WhiteElo "1800"]
[BlackElo "1745"]
[Opening "Grünfeld: modern exchange variation"]
[ECO "D85"]
[Time "15:00:40"]
[TimeControl "2700+45"]

1. d4 Nf6 2. c4 g6 3. Nc3 d5 4. cxd5 Nxd5 5. e4 Nxc3 6. bxc3 Bg7 7. Nf3 O-O 8.
Be2 c5 9. O-O Nc6 10. Be3 Qa5 11. Qc2 Rd8 12. Rfd1 Bg4 13. d5 Ne5 14. Rac1 Nxf3+
15. gxf3 Bh3 16. f4 e6 17. c4 Qc7 18. Rd3 b6 19. Bd2 exd5 20. Rxh3 dxe4 21. Be3
Qd7 22. Rg3 Re8 23. Rd1 Qc7 24. Rd5 Rad8 25. Qd1 Qe7 26. Bf1 Rxd5 27. cxd5 Qd6
28. Qb3 Rd8 29. Bc4 Bh6 30. f5 Bg7 31. fxg6 hxg6 32. Qd1 f5 33. Qd2 Kf7 34. Bf4
Be5 35. Bxe5 Qxe5 36. Qh6 Rd6 37. h4 Qg7 38. Qf4 Qf6 39. Rg5 Ke7 40. a4 Qd4 41.
Be2 Qxd5 42. h5 Qf7 43. hxg6 Rxg6 44. Qc7+ Kf6 45. Qd6+ Kxg5 46. Qd2+ Kf6+ 47.
Kf1 Qc7 48. Bh5 Rg5 49. Be8 Qe5 50. Qa2 Qxe8 51. Qd5 Qe6 52. Qd8+ Qe7 53. Qh8+
Rg7 54. Ke2 Qd7 55. Qh6+ Kf7 56. Qh5+ Kg8 57. Ke1 Rg1+ 58. Ke2 Qd3# {White
checkmated} 0-1

[Event "Team 45 45 League T48"]
[Site "Internet Chess Club"]
[Date "2011.02.19"]
[Round "2"]
[White "crazyhorses"]
[Black "nursey"]
[Result "1/2-1/2"]
[WhiteElo "1452"]
[BlackElo "1607"]
[Opening "Ruy Lopez: closed, 7...O-O"]
[ECO "C88"]
[Time "15:05:22"]
[TimeControl "2700+45"]

1. e4 e5 2. Nf3 Nc6 3. Bb5 a6 4. Ba4 Nf6 5. O-O Be7 6. Re1 b5 7. Bb3 O-O 8. d3
Bb7 9. c3 a5 10. a4 b4 11. d4 exd4 12. cxd4 d5 13. e5 Ne4 14. Bc2 Na7 15. Nbd2
Nxd2 16. Qxd2 c5 17. Qd3 g6 18. Bh6 Re8 19. Rad1 Rc8 20. Qd2 cxd4 21. Nxd4 Nc6
22. Bb3 Nxd4 23. Qxd4 Bc5 24. Qd3 Qh4 25. Be3 Rxe5 26. Bxc5 Rxe1+ 27. Rxe1 Rxc5
28. Qe3 Rc8 29. Qe5 Qd8 30. h3 d4 31. Qf4 Qd7 32. Qf6 Bc6 33. Re7 Qf5 34. Rxf7
Qxf6 35. Rxf6+ Kg7 36. Rd6 h6 37. Rxd4 Kf6 38. Bd1 Ke5 39. Rd3 Be4 40. Re3 Rc1
41. Re1 Kd4 42. Kf1 Bd3+ 43. Be2 Bxe2+ 44. Kxe2 Rc2+ 45. Kf3 Rxb2 46. Re6 g5 47.
Rxh6 Ra2 48. h4 gxh4 49. Rxh4+ Kd3 50. g4 b3 51. Rh1 Rxa4 52. g5 b2 53. g6 Ra1
54. g7 Rxh1 55. g8=Q b1=Q 56. Qd5+ Kc3 57. Qc5+ Kb3 58. Qb5+ Ka3 59. Qxa5+ Kb3
60. Qb5+ Kc3 61. Qc5+ Kd3 62. Qd5+ Kc2 63. Qe4+ Kb3 64. Qd5+ Ka4 65. Qa8+ Kb4
66. Qb7+ Kc5 67. Qc7+ Kd5 68. Qd7+ Ke5 69. Qe7+ Kd4 70. Qd6+ Kc4 71. Qc6+ Kd3
72. Qe4+ Kd2 73. Qe3+ Kd1 74. Qe2+ Kc1 75. Qe3+ Kd1 76. Qe2+ Kc1 77. Qe3+ Kb2
78. Qd4+ Ka3 79. Qa7+ Kb3 80. Qe3+ Kc4 81. Qe6+ Kc3 82. Qe5+ Kb4 83. Qb8+ Kc4
84. Qc7+ Kb5 85. Qb7+ Ka5 86. Qa7+ Kb4 87. Qb6+ Kc3 88. Qc5+ Kd3 89. Qd5+ Kc2
90. Qe4+ Kb3 91. Qd5+ Ka4 92. Qa8+ Kb3 93. Qb7+ Kc3 94. Qg7+ Kd2 95. Qg5+ Kc2
96. Qc5+ Kd1 {Game drawn by mutual agreement} 1/2-1/2

[Event "Team 45 45 League T48"]
[Site "Internet Chess Club"]
[Date "2011.02.21"]
[Round "2"]
[White "Sirian"]
[Black "ElmerHo"]
[Result "1-0"]
[WhiteElo "1543"]
[BlackElo "1579"]
[Opening "Bird: From gambit, Lasker variation"]
[ECO "A02"]
[Time "20:10:40"]
[TimeControl "2700+45"]

1. f4 e5 2. fxe5 d6 3. Nf3 dxe5 4. Nxe5 Bd6 5. Nf3 g5 6. g3 g4 7. Nd4 Bxg3+ 8.
hxg3 Qxd4 9. d3 Nc6 10. Nc3 Nge7 11. Bf4 Qd8 12. Nb5 Nd5 13. Qd2 a6 14. Nc3 Nxf4
15. Qxf4 Be6 16. Bg2 Qd7 17. Qf6 Rf8 18. Rxh7 Qd4 19. Bxc6+ bxc6 20. Qxd4 {Black
resigns} 1-0

[Event "Team 45 45 League T48"]
[Site "Internet Chess Club"]
[Date "2011.02.20"]
[Round "2"]
[White "allanchs"]
[Black "doublepar"]
[Result "1-0"]
[WhiteElo "1496"]
[BlackElo "1281"]
[Opening "Giuoco Pianissimo: Italian four knights variation"]
[ECO "C50"]
[Time "12:00:18"]
[TimeControl "2700+45"]

1. e4 e5 2. Nf3 Nc6 3. Bc4 Bc5 4. Nc3 Nf6 5. d3 d6 6. Be3 Nd4 7. h3 Bd7 8. a4
O-O 9. O-O c6 10. Bxd4 exd4 11. Ne2 b5 12. axb5 cxb5 13. Bb3 a5 14. Nexd4 Re8
15. c3 a4 16. Ba2 a3 17. bxa3 Rxa3 18. Qc1 Qa5 19. Nb3 Qa4 20. Nxc5 dxc5 21.
Bxf7+ Kxf7 22. Rxa3 Qxa3 23. Qxa3 h6 24. Qxc5 {Black resigns} 1-0

[Event "Team 45 45 League T48"]
[Site "Internet Chess Club"]
[Date "2011.02.21"]
[Round "2"]
[White "MikeA"]
[Black "Ptzz"]
[Result "0-1"]
[WhiteElo "2196"]
[BlackElo "2139"]
[Opening "Caro-Kann: classical variation"]
[ECO "B18"]
[Time "13:00:25"]
[TimeControl "2700+45"]

1. e4 c6 2. d4 d5 3. Nc3 dxe4 4. Nxe4 Bf5 5. Ng3 Bg6 6. Nf3 Nd7 7. Bd3 Ngf6 8.
O-O e6 9. Re1 Be7 10. Bg5 Qc7 11. c4 Bxd3 12. Qxd3 h6 13. Bxf6 Nxf6 14. Ne5 O-O
15. f4 Rad8 16. Rad1 c5 17. Ne2 cxd4 18. Kh1 Bc5 19. Qc2 Qb6 20. Ng1 a5 21. Ngf3
Qc7 22. Qf2 d3 23. Qf1 Bb4 24. Nd2 Rd4 25. b3 Rfd8 26. Re3 Nd7 27. Ndf3 Rxf4 28.
Qxd3 Bc5 29. Re4 Rxe4 30. Qxe4 Nxe5 31. Rxd8+ Qxd8 32. Qxe5 Qd1+ 33. Qe1 Qxe1+
34. Nxe1 f5 {White resigns} 0-1

[Event "Team 45 45 League T48"]
[Site "Internet Chess Club"]
[Date "2011.02.19"]
[Round "2"]
[White "Jack-ONeill"]
[Black "RedAttack"]
[Result "1-0"]
[WhiteElo "2047"]
[BlackElo "1909"]
[Opening "Queen's pawn"]
[ECO "A40"]
[Time "11:02:15"]
[TimeControl "2700+45"]

1. d4 c6 2. Nf3 d5 3. Bf4 Bf5 4. e3 e6 5. c4 Bb4+ 6. Nc3 Nf6 7. Qb3 Qa5 8. Nd2
O-O 9. Be2 Nbd7 10. O-O Bxc3 11. bxc3 Qb6 12. c5 Qxb3 13. axb3 Ne4 14. Nxe4 Bxe4
15. b4 a6 16. h3 Rfe8 17. Ra2 Ra7 18. Rfa1 Rea8 19. b5 cxb5 20. Bxb5 Nf6 21. c6
bxc6 22. Bxc6 Rc8 23. Rxa6 Rxa6 24. Rxa6 Bd3 25. Rb6 Ne4 26. Bd7 Rd8 27. Bc7 Ra8
28. f3 Nxc3 29. Rb3 Ne2+ 30. Kf2 Bc4 31. Rb8+ Rxb8 32. Bxb8 Nc3 33. Bf4 Kf8 34.
Bd6+ Kg8 35. Ke1 g5 36. Be7 h6 37. Kd2 Ne2 38. h4 gxh4 39. Bxh4 Kg7 40. Bf2 f5
41. f4 Kf7 42. Ba4 Ng3 43. Bxg3 Bf1 44. Kc3 Bxg2 45. Kb4 Be4 46. Kc5 Kg6 47.
Be8+ Kf6 48. Bh4+ Kg7 49. Kd6 {Black resigns} 1-0

[Event "Team 45 45 League T48"]
[Site "Internet Chess Club"]
[Date "2011.02.20"]
[Round "2"]
[White "CaoCao"]
[Black "Despair"]
[Result "0-1"]
[WhiteElo "1882"]
[BlackElo "1984"]
[Opening "Owen defense"]
[ECO "B00"]
[Time "08:08:01"]
[TimeControl "2700+45"]

1. e4 b6 2. d4 Bb7 3. Bd3 g6 4. Nf3 Bg7 5. c4 Nc6 6. d5 Nb4 7. Nc3 Nf6 8. h3
Nxd3+ 9. Qxd3 d6 10. Be3 O-O 11. Rc1 Nd7 12. Bd4 Bh6 13. Be3 Bg7 14. Qd2 Re8 15.
Bd4 Ne5 16. Nxe5 dxe5 17. Be3 c6 18. O-O cxd5 19. cxd5 Rc8 20. Rfd1 Ba6 21. Bg5
f6 22. Be3 Qd6 23. a3 Bc4 24. Qc2 Red8 25. b3 Ba6 26. Qb2 f5 27. f4 exf4 28. Bd4
Bxd4+ {White resigns} 0-1

[Event "Team 45 45 League T48"]
[Site "Internet Chess Club"]
[Date "2011.02.17"]
[Round "2"]
[White "VietLion"]
[Black "frank001"]
[Result "1-0"]
[WhiteElo "1903"]
[BlackElo "1638"]
[Opening "Sicilian: Pelikan, Chelyabinsk variation"]
[ECO "B33"]
[Time "16:04:17"]
[TimeControl "2700+45"]

1. e4 c5 2. Nf3 Nc6 3. d4 cxd4 4. Nxd4 Nf6 5. Nc3 e5 6. Ndb5 d6 7. Bg5 a6 8. Na3
b5 9. Bxf6 gxf6 10. Nd5 Bg7 11. c3 f5 12. exf5 Bxf5 13. Nc2 O-O 14. Nce3 Be6 15.
g3 f5 16. Bg2 Rb8 17. Qh5 b4 18. O-O bxc3 19. bxc3 Ne7 20. Rab1 Rxb1 21. Rxb1 e4
22. Rb8 Qd7 23. Rxf8+ Kxf8 24. Nxe7 Qxe7 25. Nxf5 Qb7 26. Nxd6 {Black resigns}
1-0

[Event "Team 45 45 League T48"]
[Site "Internet Chess Club"]
[Date "2011.02.22"]
[Round "2"]
[White "PandorasBox"]
[Black "playwaycool"]
[Result "0-1"]
[WhiteElo "1956"]
[BlackElo "2074"]
[Opening "English: Caro-Kann defensive system"]
[ECO "A11"]
[Time "18:32:31"]
[TimeControl "2700+45"]

1. c4 c6 2. g3 Nf6 3. Bg2 d5 4. d4 dxc4 5. Nc3 Nbd7 6. e4 e5 7. dxe5 Nxe5 8.
Qxd8+ Kxd8 9. Nge2 Nd3+ 10. Kf1 Ng4 11. f3 Nxc1 12. Rxc1 Ne3+ 13. Kf2 Nxg2 14.
Kxg2 b5 15. Nd4 Kc7 16. Rhd1 a6 17. a3 Be7 18. b3 Bxa3 19. Rc2 Rb8 20. bxc4 bxc4
21. Na4 Rb4 22. Nc3 Rd8 23. Nce2 c5 24. Ra1 cxd4 25. Nf4 Rb2 26. Rxb2 Bxb2 27.
Ra4 c3 28. Kf2 d3 29. Nd5+ Rxd5 30. exd5 c2 31. Rc4+ Kd7 32. Ke3 c1=Q+ 33. Rxc1
Bxc1+ 34. Kxd3 Kd6 {White resigns} 0-1

[Event "Team 45 45 League T48"]
[Site "Internet Chess Club"]
[Date "2011.02.20"]
[Round "2"]
[White "carokantor"]
[Black "Deckfuel"]
[Result "1-0"]
[WhiteElo "1942"]
[BlackElo "1863"]
[Opening "Alekhine's defense: two pawns' (Lasker's) attack"]
[ECO "B02"]
[Time "07:00:10"]
[TimeControl "2700+45"]

1. e4 Nf6 2. e5 Nd5 3. c4 Nb6 4. c5 Nd5 5. Bc4 c6 6. d4 d6 7. cxd6 exd6 8. Nf3
dxe5 9. Nxe5 Bb4+ 10. Bd2 Bxd2+ 11. Qxd2 O-O 12. O-O b5 13. Bb3 a5 14. Nc3 a4
15. Bc2 Bb7 16. Ne4 f6 17. Nd3 Na6 18. Nec5 Bc8 19. Rac1 Bf5 20. Nxa6 Bxd3 21.
Qxd3 Nf4 22. Qxh7+ Kf7 23. Qe4 Qd6 24. g3 Nh3+ 25. Kg2 Ng5 26. Qf5 Rxa6 27. h4
Ne6 28. Qg6+ Ke7 29. Rfe1 Kd8 30. Rcd1 Ra7 31. Qf5 Nc7 32. Be4 Re8 33. Qc5 Qxc5
34. dxc5+ Nd5 35. Bxd5 Rxe1 36. Rxe1 cxd5 37. Rd1 Rd7 38. Kf3 Kc7 39. b4 axb3
40. axb3 Kc6 41. b4 d4 42. Ke4 Re7+ 43. Kd3 Ra7 44. Ke4 Re7+ 45. Kf5 Kd5 46. g4
Kc4 47. c6 Kxb4 48. Rxd4+ Kc5 49. Rd7 Re5+ 50. Kg6 Kxc6 51. Rxg7 b4 52. Ra7 Re2
53. f4 b3 54. Ra1 Rg2 55. Kf5 Kd5 56. h5 Kd4 57. h6 Kc3 58. Rh1 b2 59. g5 fxg5
60. fxg5 Rc2 61. Rb1 Rf2+ 62. Kg6 {Black resigns} 1-0

[Event "Team 45 45 League T48"]
[Site "Internet Chess Club"]
[Date "2011.02.19"]
[Round "2"]
[White "alexdb"]
[Black "billscotty"]
[Result "1-0"]
[WhiteElo "1922"]
[BlackElo "1807"]
[Opening "Ruy Lopez: old Steinitz defense"]
[ECO "C62"]
[Time "21:02:26"]
[TimeControl "2700+45"]

1. e4 e5 2. Nf3 Nc6 3. Bb5 d6 4. O-O Bd7 5. Re1 Nf6 6. c3 Be7 7. d4 a6 8. Ba4 b5
9. Bb3 O-O 10. Nbd2 Qb8 11. a3 Na5 12. Ba2 c5 13. b4 cxb4 14. cxb4 Nc6 15. d5
Na7 16. Nf1 Nc8 17. Ng3 Nb6 18. h3 h6 19. Nh4 Bd8 20. Nhf5 Bxf5 21. Nxf5 Qc8 22.
Nxd6 Qd7 23. Nf5 Nxe4 24. Nxh6+ gxh6 25. Rxe4 f5 26. Re1 Kh7 27. Qh5 Qg7 28. Bb2
Qg5 29. Qxg5 hxg5 30. Bxe5 Bf6 31. Bxf6 Rxf6 32. Rac1 Rc8 33. Rxc8 Nxc8 34. Rc1
{Black resigns} 1-0

[Event "Team 45 45 League T48"]
[Site "Internet Chess Club"]
[Date "2011.02.22"]
[Round "2"]
[White "ChessAuthor"]
[Black "Holzschlange"]
[Result "1-0"]
[WhiteElo "1748"]
[BlackElo "1821"]
[Opening "Benoni: classical with e4 and Nf3"]
[ECO "A70"]
[Time "16:05:51"]
[TimeControl "2700+45"]

1. Nf3 e6 2. d4 Nf6 3. c4 c5 4. d5 exd5 5. cxd5 d6 6. Nc3 g6 7. e4 Bg4 8. h3
Bxf3 9. Qxf3 Bg7 10. Bb5+ Nfd7 11. Bf4 a6 12. Bxd7+ Qxd7 13. Qg3 Ke7 14. O-O h6
15. e5 dxe5 16. Bxe5 Kf8 17. Bxb8 Kg8 18. Rad1 Kh7 19. Bd6 Bd4 20. Ne4 {Black
resigns} 1-0

[Event "Team 45 45 League T48"]
[Site "Internet Chess Club"]
[Date "2011.02.20"]
[Round "2"]
[White "vaknight"]
[Black "mitus"]
[Result "0-1"]
[WhiteElo "1724"]
[BlackElo "1785"]
[Opening "Bird's opening"]
[ECO "A03"]
[Time "15:04:52"]
[TimeControl "2700+45"]

1. f4 d5 2. b3 Nc6 3. Bb2 e6 4. Nf3 Nf6 5. e3 Be7 6. Bd3 Bd7 7. O-O O-O 8. Nc3
Nb4 9. Ne5 Nxd3 10. cxd3 c5 11. Qf3 Be8 12. f5 Bd7 13. g4 Bd6 14. Ne2 Qc7 15.
Nxd7 Nxd7 16. Qh3 Be5 17. d4 Bf6 18. Rf2 cxd4 19. fxe6 dxe3 20. Rxf6 Nxf6 21.
Rc1 Qe7 22. exf7+ Qxf7 23. dxe3 Qd7 24. Nf4 Rac8 25. Rd1 Qxg4+ 26. Qxg4 Nxg4 27.
Nxd5 Rfe8 28. Re1 Rcd8 29. h3 Rxd5 30. hxg4 Rd2 31. Bd4 {White resigns} 0-1